Map: Jagannatha LE

Players

DPGZest (Zest) - Winner!

  • Race: Protoss Protoss

DPGDark (Dark)

  • Race: Zerg Zerg
  • League: Master

Event: TSL 7

VOD

Have the link to the VOD?

Description

Time

  • Played on: June 26, 2021, 1:32 p.m.
  • Length: 13:08

All games in this series

Show
View Real Time Build Order
Export as new Build Order

DPGZest Protoss - Winner!

Build Orders: 1 Gate Expand, Oracle Opening, Carriers 

Get SALT Encoding   

  12  0:00  Probe  
  13  0:12  Probe  
  14  0:20  Pylon  
  14  0:24  Probe  
  15  0:38  Probe (Chrono Boost)  
  15  0:40  Gateway  
  16  0:47  Probe (Chrono Boost)  
  17  0:50  Assimilator  
  17  0:52  Probe (Chrono Boost)  
  18  1:04  Probe  
  19  1:16  Probe  
  20  1:27  Nexus  
  20  1:37  Cybernetics Core  
  20  1:41  Probe  
  20  1:46  Assimilator  
  21  1:53  Probe  
  22  1:56  Pylon  
  22  2:06  Probe (Chrono Boost)  
  23  2:14  Adept  
  26  2:16  Probe (Chrono Boost)  
  26  2:19  Stargate  
  26  2:21  Probe (Chrono Boost)  
  26  2:25  Warp Gate  
  27  2:35  Probe (Chrono Boost)  
  28  2:39  Probe (Chrono Boost)  
  29  2:45  Adept  
  29  2:48  Probe (Chrono Boost)  
  29  2:49  Probe (Chrono Boost)  
  33  2:53  Probe (Chrono Boost), Void Ray (Chrono Boost)  
  33  2:57  Probe  
  35  3:05  Pylon  
  39  3:07  Probe  
  39  3:09  Probe  
  41  3:16  Gateway  
  41  3:20  Probe  
  41  3:21  Probe  
  41  3:26  Oracle (Chrono Boost)  
  43  3:32  Probe  
  43  3:33  Probe  
  48  3:44  Probe  
  48  3:45  Probe  
  50  3:51  Nexus  
  50  3:55  Pylon  
  50  3:56  Probe  
  50  3:57  Probe  
  50  4:01  Assimilator  
  52  4:03  Assimilator  
  52  4:08  Probe (Chrono Boost)  
  54  4:10  Probe (Chrono Boost)  
  54  4:14  Stargate  
  54  4:20  Protoss Air Weapons Level 1  
  54  4:21  Probe (Chrono Boost)  
  54  4:22  Probe (Chrono Boost), Pylon  
  56  4:27  Probe (Chrono Boost), Void Ray  
  56  4:28  Probe (Chrono Boost)  
  62  4:40  Probe x2, Forge  
  64  4:52  Probe x2 (Chrono Boost)  
  65  5:01  Void Ray  
  65  5:03  Probe (Chrono Boost)  
  65  5:04  Probe (Chrono Boost), Void Ray  
  72  5:10  Probe (Chrono Boost), Shield Battery  
  72  5:13  Probe x2 (Chrono Boost)  
  78  5:17  Probe (Chrono Boost)  
  78  5:18  Probe (Chrono Boost), Pylon  
  78  5:19  Probe (Chrono Boost)  
  81  5:27  Assimilator  
  82  5:30  Probe (Chrono Boost), Assimilator  
  82  5:33  Pylon  
  82  5:34  Probe (Chrono Boost), Robotics Facility  
  84  5:36  Probe (Chrono Boost)  
  84  5:38  Probe (Chrono Boost)  
  84  5:39  Pylon  
  84  5:40  Void Ray  
  84  5:41  Probe (Chrono Boost)  
  87  5:42  Probe  
  87  5:44  Probe  
  87  5:45  Void Ray  
  92  5:52  Probe  
  92  5:55  Probe  
  92  5:56  Probe  
  99  6:02  Gateway  
  99  6:03  Gateway  
  99  6:05  Gateway  
  99  6:06  Gateway  
  99  6:08  Photon Cannon  
  99  6:14  Pylon  
  99  6:15  Pylon  
  99  6:18  Void Ray  
  99  6:22  Observer, Void Ray  
  99  6:23  Robotics Bay  
  108  6:38  Pylon  
  108  6:43  Observer  
  109  6:48  Pylon  
  109  6:49  Nexus  
  109  6:53  Pylon  
  109  6:56  Pylon  
  109  7:00  Stargate, Fleet Beacon  
  109  7:02  Gateway x2  
  109  7:05  Gateway  
  109  7:07  Photon Cannon  
  109  7:17  Probe x3  
  109  7:22  Photon Cannon  
  112  7:24  Photon Cannon  
  112  7:27  Photon Cannon  
  112  7:31  Probe x3  
  115  7:38  Protoss Ground Weapons Level 1 (Chrono Boost), Assimilator  
  115  7:39  Carrier x2 (Chrono Boost)  
  115  7:43  Probe, Twilight Council, Assimilator  
  116  7:45  Carrier (Chrono Boost)  
  128  7:55  Observer  
  134  8:07  Probe  
  134  8:09  Probe  
  134  8:11  Shield Battery  
  134  8:12  Shield Battery  
  132  8:14  Shield Battery  
  132  8:16  Disruptor (Chrono Boost), Pylon  
  132  8:19  Charge (Chrono Boost)  
  135  8:23  Templar Archives  
  135  8:29  Shield Battery  
  135  8:31  Pylon  
  135  8:34  Photon Cannon  
  135  8:39  Photon Cannon  
  135  8:48  Disruptor (Chrono Boost)  
  135  8:53  Zealot  
  135  8:54  Zealot x5  
  141  9:21  Warp Prism (Chrono Boost), Carrier x2, Pylon  
  141  9:22  Carrier  
  161  9:26  Pylon  
  161  9:27  Pylon  
  161  9:30  Protoss Air Weapons Level 2  
  161  9:37  Protoss Ground Weapons Level 2 (Chrono Boost)  
  156  9:44  High Templar x6  
  156  9:45  Zealot x3  
  164  9:53  Photon Cannon, Archon  
  164  9:54  Archon x2  
  164  9:55  Shield Battery, Immortal (Chrono Boost)  
  164  9:56  Pylon  
  168  10:05  Photon Cannon  
  164  10:25  High Templar x4, Zealot x5  
  164  10:27  Probe x2  
  169  10:32  Archon x2  
  169  10:33  Observer  
  157  10:39  Probe x3  
  157  10:42  Warp Prism (Chrono Boost)  
  158  10:51  High Templar x2, Zealot x3  
  168  10:59  Archon  
  168  11:11  High Templar x2, Zealot x4  
  172  11:12  Zealot  
  172  11:16  Observer (Chrono Boost)  
  172  11:18  Archon  
  183  11:27  Zealot x2  
  177  11:33  Dark Shrine  
  177  11:42  Zealot x5  
  183  11:59  Zealot x2  
  183  12:00  Zealot x2  
  163  12:05  Zealot x5  
  147  12:21  Zealot x3  
  143  12:31  High Templar x2  
  143  12:32  High Templar x4  
  153  12:37  Archon x2  
  153  12:38  Archon  
  153  12:43  Zealot  
  153  12:45  Dark Templar  
  153  12:46  Dark Templar  
Show
View Real Time Build Order
Export as new Build Order

DPGDark Zerg 

Build Orders: Hatch First 

Get SALT Encoding   

  12  0:00  Drone  
  13  0:11  Overlord  
  13  0:17  Drone  
  14  0:30  Drone x2  
  16  0:39  Drone  
  17  0:48  Drone  
  18  0:56  Hatchery  
  17  1:00  Drone  
  17  1:03  Extractor  
  17  1:14  Spawning Pool  
  17  1:15  Drone  
  17  1:20  Drone  
  18  1:27  Drone  
  19  1:38  Drone  
  20  1:48  Hatchery  
  19  1:55  Drone  
  20  2:03  Drone  
  20  2:04  Metabolic Boost  
  20  2:08  Zergling x2  
  22  2:12  Drone  
  23  2:18  Queen  
  25  2:25  Overlord  
  25  2:27  Drone  
  26  2:32  Drone  
  26  2:35  Drone  
  28  2:43  Queen  
  30  2:44  Drone  
  30  2:45  Drone  
  32  2:54  Queen  
  32  2:57  Drone  
  35  3:02  Queen  
  35  3:04  Drone  
  38  3:07  Drone  
  38  3:10  Overlord  
  39  3:13  Drone  
  39  3:14  Drone  
  39  3:18  Drone  
  42  3:25  Overlord  
  42  3:29  Drone x3  
  45  3:34  Drone x2  
  45  3:35  Queen  
  45  3:37  Overlord  
  49  3:42  Overlord  
  49  3:44  Drone  
  50  3:49  Spore Crawler  
  50  3:53  Spore Crawler  
  48  3:57  Zergling x8  
  48  3:58  Drone x2  
  48  4:02  Evolution Chamber  
  53  4:08  Drone x5  
  58  4:11  Drone x3  
  58  4:14  Drone  
  62  4:17  Drone  
  61  4:25  Drone x4  
  61  4:27  Baneling Nest  
  61  4:28  Zerg Melee Weapons Level 1  
  61  4:29  Drone x2  
  66  4:33  Extractor, Drone  
  66  4:36  Overlord  
  66  4:42  Overlord  
  66  4:44  Overlord  
  66  4:53  Overlord  
  66  4:58  Drone x9  
  73  5:00  Drone  
  73  5:04  Drone  
  75  5:07  Hatchery, Lair  
  75  5:08  Queen  
  75  5:13  Queen  
  78  5:16  Zergling x6  
  78  5:18  Drone x2  
  83  5:23  Roach Warren  
  83  5:24  Drone x2  
  83  5:25  Extractor x2  
  83  5:26  Drone  
  83  5:27  Drone  
  84  5:28  Drone x2  
  84  5:34  Drone x3  
  84  5:35  Drone  
  90  5:36  Drone  
  90  5:40  Extractor x2, Drone x2  
  90  5:41  Drone  
  92  5:44  Queen  
  92  5:49  Drone  
  96  5:50  Drone x3  
  96  5:52  Overlord  
  96  5:55  Overlord  
  98  5:58  Overlord  
  98  6:01  Overlord  
  98  6:05  Glial Reconstitution  
  98  6:09  Infestation Pit  
  98  6:10  Queen x2  
  100  6:12  Evolution Chamber  
  100  6:15  Roach x4  
  107  6:19  Roach x2  
  107  6:24  Queen x2  
  115  6:27  Roach x2  
  115  6:31  Drone x4  
  115  6:32  Drone  
  124  6:33  Drone  
  124  6:35  Drone  
  124  6:36  Drone x2  
  124  6:38  Drone x2  
  130  6:41  Zerg Melee Weapons Level 2  
  130  6:44  Zerg Ground Armor Level 1  
  130  6:47  Roach x2  
  130  6:51  Overlord  
  133  6:55  Centrifical Hooks  
  133  6:58  Hive  
  133  7:00  Spore Crawler  
  132  7:03  Drone x4  
  132  7:04  Extractor  
  132  7:06  Extractor  
  134  7:08  Queen  
  134  7:09  Queen x2  
  140  7:15  Pathogen Glands  
  140  7:19  Overlord  
  140  7:20  Overlord x3  
  140  7:28  Hatchery  
  139  7:32  Roach x2  
  139  7:37  Overlord x2  
  142  7:40  Roach x6  
  142  7:41  Roach  
  156  7:51  Zergling x6  
  156  7:52  Zergling x22  
  170  7:59  Zergling x14  
  175  8:09  Zergling x2  
  175  8:10  Zergling x18  
  175  8:11  Adrenal Glands  
  185  8:16  Ravager  
  185  8:17  Ultralisk Cavern, Ravager x6  
  185  8:19  Overlord x2  
  191  8:25  Overlord  
  191  8:29  Overlord  
  191  8:31  Baneling x4  
  191  8:37  Ravager, Overlord  
  191  8:38  Ravager  
  191  8:39  Zergling x16  
  191  8:40  Baneling x11  
  191  8:41  Baneling  
  199  8:44  Baneling x7  
  199  8:46  Baneling  
  199  8:47  Baneling x6  
  199  8:48  Baneling  
  199  8:54  Zergling x2  
  187  9:15  Zergling x38  
  191  9:37  Queen x3  
  191  9:38  Zergling x16  
  186  9:40  Zergling x6  
  186  9:41  Zergling x8  
  186  9:45  Zergling x8  
  186  9:46  Zerg Ground Armor Level 2, Zerg Melee Weapons Level 3  
  185  9:53  Ravager x2  
  185  9:54  Baneling x17, Ravager x2  
  185  9:55  Zergling x10  
  185  9:58  Queen x2  
  185  9:59  Chitinous Plating  
  198  10:02  Baneling x4  
  198  10:13  Zergling x4  
  154  10:29  Ultralisk x2  
  154  10:30  Ultralisk x2  
  154  10:32  Zergling x16  
  156  10:44  Zergling x16  
  159  10:53  Baneling x6  
  159  10:54  Zergling x2, Ultralisk x2  
  159  10:56  Baneling x6  
  172  10:57  Baneling  
  172  10:58  Baneling  
  172  11:01  Zergling x4  
  174  11:06  Infestor  
  174  11:08  Drone x3  
  174  11:09  Extractor  
  174  11:10  Extractor  
  177  11:11  Infestor  
  177  11:15  Queen x3  
  185  11:24  Drone x9  
  194  11:30  Infestor x2  
  194  11:31  Infestor  
  197  11:37  Zergling x8  
  180  11:56  Queen x2  
  180  11:57  Zergling x12  
  180  11:58  Zergling x14  
  185  12:03  Queen x3  
  185  12:04  Zergling x2  
  174  12:13  Ultralisk x2  
  174  12:14  Zergling x4  
  182  12:20  Zergling x2  
  182  12:22  Zergling x4  
  173  12:26  Zergling x6  
  173  12:28  Zergling x2  
  172  12:32  Queen x2  
  172  12:35  Zergling x6  
  176  12:41  Zergling x2  
  176  12:42  Zergling x6  
  176  12:43  Zergling x2  
Tags
 
Add a new tag
Caveats
  • Supply blocks, unpowered buildings, or Contaminate may cause inaccurate times.
  • Supply counts are checked every 10 seconds.